 Dungeon Crawl Stone Soup version 0.30-a0-359-gd0147acb1a (webtiles) character file.

Game seed: 17730986858861051662

89 lunokhod the Shield-Bearer (level 4, -5/34 (37) HPs)
             Began as a Formicid Fighter on Nov 12, 2022.
             Slain by Grinder (9 damage)
             ... on level 3 of the Dungeon.
             The game lasted 00:02:49 (1825 turns).

lunokhod the Shield-Bearer (Formicid Fighter)       Turns: 1825, Time: 00:02:50

HP:   -5/34 (37)    AC:  9    Str: 22    XL:     4   Next: 84%
MP:   4/4           EV:  7    Int:  8    God:
Gold: 38            SH:  5    Dex: 13    Spells: 3/3 levels left

rFire   . . .      SeeInvis +    h - +1 whip (elec)
rCold   . . .      Faith    .    c - +0 buckler
rNeg    . . .      Spirit   .    n - +0 chain mail
rPois   .          Reflect  .    (helmet unavailable)
rElec   .          Harm     .    (no cloak)
rCorr   .          Rampage  .    (no gloves)
Will    .....                    (no boots)
Stlth   ..........               (no amulet)
HPRegen 0.25/turn                (no ring)
MPRegen 0.09/turn                (no ring)

@: drained
A: permanent stasis, dig shafts and tunnels, antennae 3, four strong arms
a: Dig, Shaft Self


You were on level 3 of the Dungeon.
You visited 1 branch of the dungeon, and saw 3 of its levels.

You collected 38 gold pieces.

Inventory:

Hand Weapons
 a - a +0 war axe
 h - a +1 whip of electrocution (weapon)
Missiles
 l - 9 boomerangs
Armour
 b - a +0 scale mail
 c - a +0 buckler (worn)
 n - a +0 chain mail (worn)
Scrolls
 e - a scroll of teleportation {unknown}
 g - a scroll of amnesia {unknown}
 j - 2 scrolls of noise {unknown}
 k - a scroll of vulnerability {unknown}
Potions
 d - a potion of might
 f - a potion of magic {unknown}
 i - a potion of cancellation {unknown}
 m - a potion of lignification {unknown}


   Skills:
 + Level 3.8 Fighting
 * Level 2.9 Axes
 + Level 3.9 Armour
 + Level 0.3 Dodging
 + Level 5.0 Shields


You had 3 spell levels left.
You didn't know any spells.
Your spell library contained the following spells:

 Spells                   Type           Power      Damage    Failure   Level
 Magic Dart               Conj           0%         1d3       99%         1
 Searing Ray              Conj           0%         2d4       100%        2
 Fulminant Prism          Conj/Hex       0%         3d5       100%        4


Dungeon Overview and Level Annotations

Branches:
Dungeon (3/15)

Altars:

Annotations:
D:3 Grinder


Innate Abilities, Weirdness & Mutations

You cannot be hasted, slowed, berserked, paralysed or teleported.
You can dig through walls and to a lower floor.
You have a pair of large antennae on your head. (SInv)
Your four strong arms can wield two-handed weapons with a shield.


Message History

You are too injured to fight recklessly!
You are too injured to fight recklessly!
There are monsters nearby!
You closely miss Grinder. Grinder hits you but does no damage.
The kobold barely misses you.
You closely miss Grinder. You block Grinder's attack.
You block the kobold's attack.
You hit Grinder but do no damage. Grinder hits you.
You writhe in agony.
The kobold hits you with a +0 short sword.
Grinder gestures at you.
Your stasis prevents you from being paralysed.
The kobold barely misses you.
You barely miss Grinder. The kobold hits you but does no damage.
Grinder closely misses you.
You whack Grinder!
Grinder is lightly wounded.
The kobold hits you but does no damage. Grinder completely misses you.
You hit Grinder.
Grinder is moderately wounded.
The kobold barely misses you. Grinder gestures at you.
Your stasis prevents you from being paralysed.
You hit Grinder.
Grinder is moderately wounded.
You block the kobold's attack. You block Grinder's attack.
You hit Grinder.
Grinder is heavily wounded.
The kobold hits you with a +0 short sword.
Grinder hits you but does no damage.
You closely miss Grinder.
Grinder is heavily wounded.
Grinder hits you.
* * * LOW HITPOINT WARNING * * *
You writhe in agony.
* * * LOW HITPOINT WARNING * * *
The kobold hits you but does no damage.
You closely miss Grinder.
Grinder is heavily wounded.
The kobold hits you but does no damage. Grinder hits you!
You die...

#.....##
#......#
#.....#
##.######..
##.....###.###
.#
.........)...#
(#
.......#####.#
#.## ##.....#
#.# ##)..##
^...####
#.###....[###
###.#
#.....5.....#
# #.#
#####@....#. #
#.# ##K..##
#.# #.## #.#
..# ..# .# ###
.# #


You could see Grinder and a kobold.

Vanquished Creatures
  Robin (D:2)
  An adder (D:2)
  2 worms (D:2)
  A dart slug (D:1)
  An orc (D:3)
  9 ball pythons
  2 bats (D:1)
  7 endoplasms
  4 giant cockroaches
  9 goblins (D:2)
  8 hobgoblins
  2 kobolds
  A quokka (D:2)
  6 frilled lizards
  2 rats
56 creatures vanquished.

Notes
Turn   | Place    | Note
-------+----------+-------------------------------------------
     0 | D:1      | lunokhod the Formicid Fighter began the quest for the Orb.
     0 | D:1      | Reached XP level 1. HP: 18/18 MP: 1/1
   217 | D:1      | Reached XP level 2. HP: 23/24 MP: 2/2
   594 | D:1      | Found a faded altar of an unknown god.
   761 | D:1      | Reached XP level 3. HP: 24/29 MP: 3/3
  1299 | D:2      | Reached XP level 4. HP: 37/37 MP: 4/4
  1572 | D:2      | Noticed Robin
  1605 | D:2      | Killed Robin
  1606 | D:2      | Reached skill level 5 in Shields
  1808 | D:3      | Noticed Grinder
  1825 | D:3      | Slain by Grinder

Illustrated notes

Levels and vault maps discovered:
D:1:      dpeg_arrival_central, layout_loops_ring,
          dilly_ecumenical_altar_fadedgnrine, minmay_shallow_snake_nest
D:2:      layout_loops_cross, nicolae_concentric_dashed_squares_wild, uniq_robin
D:3:      layout_loops_ring, uniq_grinder, uniq_ijyb

Skill      XL: |  1  2  3  4 |
---------------+-------------+-----
Shields        | 5 |  5.0
Fighting       | |  3.8
Axes           | |  2.9
Armour         | |  3.9
Dodging        | |  0.3

Action                   |  1- 3 |  4- 6 || total
-------------------------+-------+-------++-------
Melee: War axe           |    28 |       ||    28
       Whip              |    45 |    75 ||   120
 Abil: Dig               |       |     1 ||     1
Armor: Scale mail        |    28 |    29 ||    57
       Chain mail        |       |    11 ||    11
Dodge: Dodged            |    25 |    25 ||    50
Block: Buckler           |    20 |    16 ||    36

Table legend: (Time is in decaauts)
 A = Elapsed time spent in this place.
 B = Non-inter-level travel time spent in this place.
 C = Inter-level travel time spent in this place.
 D = Time resting spent in this place.
 E = Time spent auto-exploring this place.
 F = Levels seen in this place.
 G = Mean time per level.
                   A        B        C        D        E       F      G
               +--------+--------+--------+--------+--------+-----+--------+
         Total |   1844 |   1797 |     47 |    103 |   1344 |   3 |  614.7 |
       Dungeon |   1844 |   1797 |     47 |    103 |   1344 |   3 |  614.7 |
               +--------+--------+--------+--------+--------+-----+--------+

Top non-repeatable levels by time:
     D:1: 934 daAuts
     D:2: 841 daAuts
     D:3: 67 daAuts
